 Dungeon Crawl Stone Soup version 0.21-a0-460-g737a915 (webtiles) character file.

814 slep the Slasher (level 7, -4/55 HPs)
             Began as a Demonspawn Monk on Nov 20, 2017.
             Killed by divine providence
             ... invoked by an orc priest
              (12 damage)
             ... on level 5 of the Dungeon.
             The game lasted 00:16:58 (4174 turns).

slep the Slasher (Demonspawn Monk)                  Turns: 4174, Time: 00:16:58

Health: -4/55      AC:  7    Str: 13    XL:     7   Next: 62%
Magic:  7/7        EV: 13    Int: 11    God:
Gold:   272        SH:  0    Dex: 16    Spells: 6/6 levels left

rFire    + . .     SeeInvis .   u - +0 blowgun
rCold    . . .     Gourm    .   (no shield)
rNeg     + . .     Faith    .   l - +0 ring mail
rPois    .         Spirit   .   (no helmet)
rElec    .         Reflect  .   (no cloak)
rCorr    .         Harm     .   (no gloves)
MR       .....                  (no boots)
Stlth    ++........             (no amulet)
HPRegen  0.18/turn              z - ring of positive energy
MPRegen  0.10/turn              (no ring)

@: no status effects
A: hooves 1, yellow scales 1, fire resistance 1, spiny 2
a: no special abilities


You were on level 5 of the Dungeon.
You were not hungry.

You visited 1 branch of the dungeon, and saw 5 of its levels.
You also visited: Sewer.

You collected 272 gold pieces.

Inventory:

Hand Weapons
 a - a +0 falchion
 u - a +0 blowgun (weapon)
Missiles
 m - 18 poisoned needles (quivered)
 n - 6 tomahawks
Armour
 b - a +0 robe
 l - a +0 ring mail (worn)
Jewellery
 z - a ring of positive energy (left hand)
Scrolls
 e - 5 scrolls of remove curse {unknown}
 f - 2 scrolls of enchant armour {unknown}
 h - a scroll of magic mapping {unknown}
 i - 5 scrolls of teleportation {unknown}
 q - a scroll of random uselessness {unknown}
 r - a scroll of fear {unknown}
 t - 3 scrolls of identify {unknown}
 y - a scroll of blinking {unknown}
 A - a scroll of fog {unknown}
Potions
 j - a potion of cancellation {unknown}
 k - 2 potions of lignification {unknown}
 o - a potion of ambrosia {unknown}
 p - a potion of agility {unknown}
 v - a potion of invisibility {unknown}
 w - 4 potions of degeneration {unknown}
 x - 2 potions of heal wounds {unknown}
 B - a potion of flight {unknown}
 C - a potion of resistance {unknown}
Comestibles
 c - 4 bread rations
 d - 3 fruits
 g - 2 royal jellies
 s - 3 meat rations
 D - 3 chunks of flesh


   Skills:
 + Level 4.5 Fighting
 + Level 5.2 Long Blades
 + Level 0.4 Throwing
 + Level 3.4 Armour
 + Level 4.0 Dodging
 + Level 3.2 Stealth


You had 6 spell levels left.
You didn't know any spells.

Dungeon Overview and Level Annotations

Branches:
Dungeon (5/15)
 Temple: D:4-7

Altars:
Nemelex Xobeh
Sif Muna
The Shining One

Annotations:
D:4 Grinder; brevous's ghost, amateur DDFi


Innate Abilities, Weirdness & Mutations

You have large cloven feet.
You are partially covered in yellow scales. (AC +2)
Your flesh is heat resistant. (rF+)
You are mostly covered in sharp spines.


Message History

You shoot a poisoned needle. The poisoned needle hits the orc.
The orc is lightly wounded.
The orc is struck by your spines.
You kill the orc!
Firing (i - inventory. (,) - cycle):
m - 20 poisoned needles (quivered)
Press: ? - help, Shift-Dir - straight line, f/p - orc priest
Aim: an orc priest, wielding a club and wearing a chain mail (lightly wounded, poisoned)
You shoot a poisoned needle.
The poisoned needle hits the orc priest.
The orc priest looks even sicker.
The orc priest is lightly wounded.
The orc priest misses you.
Firing (i - inventory. (,) - cycle):
m - 19 poisoned needles (quivered)
Press: ? - help, Shift-Dir - straight line, f/p - orc priest
Aim: an orc priest, wielding a club and wearing a chain mail (lightly wounded, poisoned)
You shoot a poisoned needle.
The poisoned needle barely misses the orc priest.
The orc priest calls down the wrath of Beogh upon you.
Beogh smites you!
You die...

##'## .. ##...##
#.## # ##.....##
#.(##.###.......##
##...#.
#.........## .....
+.........+[ .(.
#.........## #o#
###.......##
#.####@##.#
##>....##
#.........#
##...##
######.#### ##'##
#.####### #.#
#.......# #.#
#######.###.##
#.##...##
#.#.....##..
#...........


You could see an orc priest.

Vanquished Creatures
  An ice beast (D:5)
  A phantom (D:4)
  A crocodile (Sewer)
  A howler monkey (D:4)
  A centaur zombie (D:5)
  3 orc priests
  A bullfrog skeleton (D:5)
  An orc wizard (D:5)
  Natasha (twice) (D:4)
  3 worker ants
  A howler monkey skeleton (D:5)
  10 adders
  3 worms
  7 dart slugs
  3 leopard geckos (D:3)
  6 orcs
  A ball python (D:1)
  5 giant cockroaches
  10 goblins
  9 hobgoblins
  12 jackals
  5 quokkas
  4 bats
  3 frilled lizards
  9 kobolds
  A quokka skeleton (D:4)
  9 rats
113 creatures vanquished.

Notes
Turn   | Place    | Note
-------+----------+-------------------------------------------
     0 | D:1      | slep the Demonspawn Monk began the quest for the Orb.
     0 | D:1      | Reached XP level 1. HP: 18/18 MP: 1/1
   285 | D:1      | Gained mutation: You are partially covered in sharp spines. [demonic ancestry]
   285 | D:1      | Reached XP level 2. HP: 9/24 MP: 2/2
   444 | D:1      | Reached skill level 3 in Long Blades
   821 | D:2      | Found a deep blue altar of Sif Muna.
   833 | D:2      | Gained mutation: You have large cloven feet. [demonic ancestry]
   833 | D:2      | Reached XP level 3. HP: 9/29 MP: 3/3
  1195 | D:2      | Found a glowing golden altar of the Shining One.
  1241 | D:2      | Gained mutation: Your flesh is heat resistant. (rF+) [demonic ancestry]
  1241 | D:2      | Reached XP level 4. HP: 20/35 MP: 4/4
  1530 | D:2      | Found a sparkling altar of Nemelex Xobeh.
  1700 | D:3      | Reached skill level 1 in Armour
  2121 | D:3      | Gained mutation: You are mostly covered in sharp spines. [demonic ancestry]
  2121 | D:3      | Reached XP level 5. HP: 40/42 MP: 5/5
  2159 | D:3      | Found a glowing drain.
  2164 | Sewer    | Entered a sewer
  2220 | Sewer    | Noticed a crocodile
  2229 | Sewer    | Killed a crocodile
  2229 | Sewer    | Reached skill level 4 in Long Blades
  2422 | D:3      | Reached XP level 6. HP: 24/48 MP: 6/6
  2985 | D:4      | Noticed Natasha
  2991 | D:4      | Killed Natasha
  2999 | D:4      | Noticed brevous's ghost (amateur DDFi)
  3189 | D:4      | Noticed Natasha
  3196 | D:4      | Killed Natasha
  3387 | D:4      | Noticed Grinder
  3390 | D:4      | Paralysed by Grinder for 4 turns
  3425 | D:4      | Paralysed by Grinder for 2 turns
  3432 | D:5      | Entered Level 5 of the Dungeon
  3567 | D:5      | Gained mutation: You are partially covered in yellow scales. (AC +2) [demonic ancestry]
  3567 | D:5      | Reached XP level 7. HP: 32/54 MP: 7/7
  3940 | D:5      | Reached skill level 5 in Long Blades
  4174 | D:5      | Killed from afar by an orc priest

Vault maps used:
D:1:      lemuel_arrival_rhombus
D:2:      marbit_many_paths, old_standard_altar, overflow_temple_1_default,
          minmay_pentomino_o4
D:3:      first_bread, gup_sewer_entry_spiral
D:4:      lemuel_flame_loot_1, uniq_grinder, uniq_natasha, uniq_duvessa,
          uniq_pikel
D:5:      overflow_temple_1_default
Sewer:    sewer_the_crocodile

Skill      XL: |  1  2  3  4  5  6  7 |
---------------+----------------------+-----
Long Blades    | 3 4 5 |  5.2
Stealth        | 2 3 |  3.2
Dodging        | 3 4 |  4.0
Armour         | 1 2 3 |  3.4
Fighting       | 4 |  4.5
Throwing       | |  0.4

Action                   |  1- 3 |  4- 6 |  7- 9 || total
-------------------------+-------+-------+-------++-------
Melee: Falchion          |    65 |   142 |    40 ||   247
       Kick              |    12 |    36 |    19 ||    67
 Fire: Blowgun           |       |       |    19 ||    19
Throw: Tomahawk          |       |       |     4 ||     4
  Use: Potion            |     2 |       |       ||     2
 Stab: Sleeping          |     4 |     3 |       ||     7
  Eat: Chunk             |     1 |     8 |     2 ||    11
Armor: Ring mail         |    13 |    40 |    15 ||    68
Dodge: Dodged            |    38 |    84 |    27 ||   149
       Rpst.: Falchion   |    15 |    31 |     4 ||    50

Table legend:
 A = Spawn XP
 B = Non-spawn XP
 C = Spawn XP percentage of total XP
 D = Spawn monster count
 E = Non-spawn monster count
 F = Spawn count percentage of total count
 G = Total turns spent on level
                    A         B        C        D         E        F      G
               +---------+---------+-------+---------+---------+-------+---------
         Total |       0 |    1164 |   0.0 |       0 |     113 |   0.0 |  4174
               +---------+---------+-------+---------+---------+-------+---------
           D:1 |       0 |      26 |   0.0 |       0 |      11 |   0.0 |   806
           D:2 |       0 |     133 |   0.0 |       0 |      40 |   0.0 |   888
           D:3 |       0 |     126 |   0.0 |       0 |      29 |   0.0 |  1084
           D:4 |       0 |     292 |   0.0 |       0 |      10 |   0.0 |   523
           D:5 |       0 |     469 |   0.0 |       0 |      17 |   0.0 |   742
         Sewer |       0 |     118 |   0.0 |       0 |       6 |   0.0 |   131
               +---------+---------+-------+---------+---------+-------+---------
